 Dungeon Crawl Stone Soup version 0.30-a0-475-g03497ec522 (console) character file.

Game seed: 11413229912988936187

647 jejorda2 the Spear-Bearer (level 7, -2/84 HPs)
             Began as a Merfolk Berserker on Dec 20, 2022.
             Was a Priest of Trog.
             Succumbed to Duvessa's poison
             ... on level 4 of the Dungeon.
             The game lasted 00:10:00 (3059 turns).

jejorda2 the Spear-Bearer (Merfolk Berserker)       Turns: 3059, Time: 00:10:01

Health: -2/84      AC: 13    Str: 20    XL:     7   Next: 52%
Magic:  7/7        EV: 12    Int:  4    God:    Trog [***...]
Gold:   76         SH:  0    Dex: 15    Spells: 6/6 levels left

rFire   + . .      SeeInvis .    a - +0 scythe
rCold   + + .      Faith    .    (shield currently unavailable)
rNeg    + + .      Spirit   .    p - +6 scale mail of the Beggar {rC+ rN++ Str+2 Int-2}
rPois   .          Reflect  .    (no helmet)
rElec   .          Harm     .    e - scarf {rC+ rF+}
rCorr   .          Rampage  .    f - +0 pair of gloves
Will    ++...                    (no boots)
Stlth   ..........               (no amulet)
HPRegen 1.34/turn                (no ring)
MPRegen 0.10/turn                (no ring)

@: berserking, lethally poisoned (-2 -> -55), strong-willed, regenerating, very
quick
A: (nimble swimmer 2), mertail
a: Renounce Religion, Berserk, Trog's Hand


You were on level 4 of the Dungeon.
You worshipped Trog.
Trog was most pleased with you.
You visited 1 branch of the dungeon, and saw 4 of its levels.
You also visited: Sewer.

You collected 164 gold pieces.
You spent 88 gold pieces at shops.

Inventory:

Hand Weapons
 a - a +0 scythe (weapon)
 b - a +0 spear
Missiles
 c - 14 poisoned darts
 j - 34 stones (quivered)
 n - 2 boomerangs
Armour
 e - a scarf of resistance (worn)
 f - a +0 pair of gloves (worn)
 p - the +6 scale mail of the Beggar (worn) {rC+ rN++ Str+2 Int-2}
   (You found it on level 2 of the Dungeon)

   Str:       It affects your strength (+2).
   Int:       It affects your intelligence (-2).
   rC:        It protects you from cold.
   rN:        It greatly protects you from negative energy.
Wands
 d - a wand of digging (5)
 o - a wand of iceblast (8)
 s - a wand of flame (19)
Scrolls
 k - 2 scrolls of brand weapon {unknown}
 m - a scroll of noise {unknown}
 r - 3 scrolls of vulnerability {unknown}
 t - 2 scrolls of immolation {unknown}
 v - a scroll of enchant armour {unknown}
 w - 3 scrolls of blinking {unknown}
 y - a scroll of magic mapping
 z - a scroll of teleportation
Potions
 g - 3 potions of haste
 h - 3 potions of mutation
 i - a potion of berserk rage
 l - a potion of cancellation
 q - a potion of attraction
 x - a potion of might


   Skills:
 + Level 5.4 Fighting
 * Level 8.3 Polearms
 - Level 1.3 Armour
 - Level 6.0 Dodging


You had 6 spell levels left.
You didn't know any spells.
Your spell library was empty.

Dungeon Overview and Level Annotations

Branches:
Dungeon (4/15)              Sewer (visited)
 Temple: D:4-7

Altars:
Yredelemnul

Shops:
D:2 *   D:4 (

Annotations:
D:4 Duvessa


Innate Abilities, Weirdness & Mutations

((You are very nimble when in or above water. (Stealth+, EV+, Speed+++)))
Your lower body shifts to a powerful aquatic tail in water.


Message History

Duvessa hits you with a +2 short sword of venom.
Duvessa hits you but does no damage.
You are more poisoned.
You barely miss Duvessa.
Duvessa is moderately wounded.
You feel very sick.
Duvessa hits you with a +2 short sword of venom.
You are more poisoned.
You hit Duvessa but do no damage.
Duvessa is moderately wounded.
You feel very sick. Duvessa closely misses you.
Duvessa hits you but does no damage.
You are more poisoned.
You puncture Duvessa!
Duvessa is severely wounded.
You feel extremely sick.
Duvessa hits you with a +2 short sword of venom!
* * * LOW HITPOINT WARNING * * *
You are more poisoned.
Duvessa hits you with a +2 short sword of venom.
* * * LOW HITPOINT WARNING * * *
You are more poisoned.
Your skin crawls.
You feel strong-willed.
* * * LOW HITPOINT WARNING * * *
You feel extremely sick. Duvessa barely misses you.
Unknown command.
You feel much better.
You feel extremely sick.
Duvessa hits you with a +2 short sword of venom!
* * * LOW HITPOINT WARNING * * *
You are more poisoned.
Duvessa hits you but does no damage.
You are more poisoned.
Okay, then.
Unknown command.
A red film seems to cover your vision as you go berserk!
You feel yourself moving faster!
You feel mighty!
You die...

#...# #.##.# #...# #
#e #####...##### ..
#..###...........#
.......<..........
#...##...........# .
###......S#
#.#...#e# #.#...#@#
#.#...#.# #.##.##.#
#.......# ####.#####
########.....#
####......#...#.####
#....####.)......<.#
#.####
###...#.##.####


You could see Duvessa (berserk) and an adder.

Vanquished Creatures
  Sigmund (D:3)
  An ogre (D:4)
  A kobold brigand (Sewer)
  Dowan (D:4)
  A jelly (D:4)
  An orc priest (D:4)
  An iguana (D:3)
  7 adders
  2 river rats
  3 worms
  2 dart slugs
  4 orcs
  8 endoplasms
  2 giant cockroaches
  8 goblins
  4 hobgoblins
  13 kobolds
  5 quokkas
  13 ball pythons
  2 bats (D:1)
  6 frilled lizards
  14 rats
  A spectral orc (D:3)
101 creatures vanquished.

Vanquished Creatures (others)
  An orc wizard (D:4)
1 creature vanquished.

Grand Total: 102 creatures vanquished

Notes
Turn   | Place    | Note
-------+----------+-------------------------------------------
     0 | D:1      | jejorda2 the Merfolk Berserker began the quest for the Orb.
     0 | D:1      | Reached XP level 1. HP: 18/18 MP: 1/1
   173 | D:1      | Reached XP level 2. HP: 24/24 MP: 2/2
   659 | D:1      | Reached XP level 3. HP: 29/29 MP: 3/3
   673 | D:1      | Reached ** piety under Trog
   915 | D:2      | Found Qadel's Assorted Antiques.
  1002 | D:2      | Bought a murky dark potion for 16 gold pieces
  1002 | D:2      | Bought a brass wand for 72 gold pieces
  1122 | D:2      | Reached skill level 5 in Polearms
  1133 | D:2      | Identified the +6 scale mail of the Beggar {rC+ rN++ Str+2
                  | Int-2}
  1147 | D:2      | Reached XP level 4. HP: 25/37 MP: 4/4
  1520 | D:3      | Noticed Sigmund
  1536 | D:3      | Killed Sigmund
  1537 | D:3      | Reached skill level 6 in Polearms
  1537 | D:3      | Reached skill level 5 in Dodging
  1537 | D:3      | Reached XP level 5. HP: 43/43 MP: 5/5
  1537 | D:3      | Reached XP level 6. HP: 49/49 MP: 6/6
  1623 | D:3      | Found a glowing drain.
  1660 | Sewer    | Entered a sewer
  1824 | Sewer    | Reached *** piety under Trog
  2072 | D:3      | Reached skill level 7 in Polearms
  2328 | D:3      | Found a basalt altar of Yredelemnul.
  2713 | D:4      | Noticed Duvessa
  2713 | D:4      | Noticed Dowan
  2766 | D:4      | Reached XP level 7. HP: 55/55 MP: 7/7
  2779 | D:4      | Reached skill level 5 in Fighting
  2867 | D:4      | Found Nato's Weapon Shop.
  2951 | D:4      | Reached skill level 8 in Polearms
  3049 | D:4      | Killed Dowan
  3057 | D:4      | HP: 2/56 [poisoned by Duvessa]
  3059 | D:4      | Succumbed to Duvessa's poison

Illustrated notes

Levels and vault maps discovered:
D:1:      enne_arrival_octagon_isle, layout_basic
D:2:      layout_rooms, serial_corexii_hall, corexii_hall_statues_deadend,
          corexii_hall_statues_i, corexii_hall_statues_x, serial_shops, shop
D:3:      layout_basic, yredelemnul_forgotten_temple_becter,
          portal_sewer_entry_b, uniq_sigmund
D:4:      layout_loops_cross, mainiacjoe_overflow_small_starburst,
          minmay_temple_entry_butterflies, serial_shops,
          nicolae_shop_bloodbath_and_beyond, uniq_grinder, uniq_duvessa,
          uniq_pikel

Skill      XL: |  1  2  3  4  5  6  7 |
---------------+----------------------+-----
Dodging        | 3 4 5 6 |  6.0
Polearms       | 5 6 7 8 |  8.3
Fighting       | 4 5 |  5.4
Armour         | |  1.3

Action                   |  1- 3 |  4- 6 |  7- 9 || total
-------------------------+-------+-------+-------++-------
Melee: Spear             |   119 |    38 |       ||   157
       Punch             |     1 |       |       ||     1
       Halberd           |       |   115 |    48 ||   163
       Tailslap          |       |     3 |       ||     3
Throw: Dart              |     2 |       |       ||     2
       Stone             |     2 |       |       ||     2
Invok: Berserk           |       |     1 |     3 ||     4
       Trog's Hand       |       |     1 |     3 ||     4
Evoke: Wand              |       |       |     1 ||     1
  Use: Scroll            |       |    10 |       ||    10
       Potion            |       |       |     2 ||     2
 Stab: Sleeping          |     3 |       |       ||     3
Armor: Animal skin       |    10 |       |       ||    10
       Scale mail        |    17 |    41 |    31 ||    89
Dodge: Dodged            |    52 |    60 |    13 ||   125

Table legend: (Time is in decaauts)
 A = Elapsed time spent in this place.
 B = Non-inter-level travel time spent in this place.
 C = Inter-level travel time spent in this place.
 D = Time resting spent in this place.
 E = Time spent auto-exploring this place.
 F = Levels seen in this place.
 G = Mean time per level.
                   A        B        C        D        E       F      G
               +--------+--------+--------+--------+--------+-----+--------+
         Total |   3040 |   2914 |    126 |    181 |   1968 |   5 |  608.0 |
       Dungeon |   2747 |   2621 |    126 |    181 |   1806 |   4 |  686.8 |
         Sewer |    293 |    293 |      0 |      0 |    161 |   1 |  293.0 |
               +--------+--------+--------+--------+--------+-----+--------+

Top non-repeatable levels by time:
     D:3: 976 daAuts
     D:1: 967 daAuts
     D:2: 536 daAuts
   Sewer: 293 daAuts
     D:4: 268 daAuts
